 Dungeon Crawl Stone Soup version 0.31-a0-176-g91f28db67f (webtiles) character file.

Game seed: 684032525896018063

1341 qw the Skirmisher (level 8, -3/69 (74) HPs)
             Began as a Naga Hunter on June 17, 2023.
             Was a Follower of Okawaru.
             Slain by a wight
             ... wielding a +4 hand axe
              (5 damage)
             ... on level 6 of the Dungeon.
             The game lasted 00:01:41 (5002 turns).

qw the Skirmisher (Naga Hunter)                     Turns: 5002, Time: 00:01:42

HP:   -3/69 (74)    AC:  8    Str: 13    XL:     8   Next: 62%
MP:   7/9           EV: 13    Int: 10    God:    Okawaru [*.....]
Gold: 183           SH:  0    Dex: 17    Spells: 7/7 levels left

rFire   . . .        Y - +0 shortbow (freeze)
rCold   . . .        (shield currently unavailable)
rNeg    . . .        c - +0 leather armour
rPois   +            (no helmet)
rElec   .            (no cloak)
rCorr   .            (no gloves)
SInv    +            (no barding)
Will    +....        (no amulet)
Stlth   +++          e - +4 ring of protection
HPRegen 0.31/turn    (no ring)
MPRegen 0.11/turn

%: no passive effects
@: heroic, drained, very slow
A: AC +2, large, see invisible, deformed body, poison resistance, slowness 2,
spit poison 1, naga tail 1
a: Spit Poison, Renounce Religion, Heroism


You were on level 6 of the Dungeon.
You worshipped Okawaru.
Okawaru was aware of your devotion.
You visited 2 branches of the dungeon, and saw 7 of its levels.

You collected 183 gold pieces.


Innate Abilities, Weirdness & Mutations

Your serpentine skin is tough. (AC +2)
You have supernaturally acute eyesight. (SInv)
Armour fits poorly on your strangely shaped body.
Your system is resistant to poisons. (rPois)
You cover ground very slowly.
You can spit poison.
You have a snake-like lower body.


   Skills:
 - Level 5.0(10.0) Fighting
 + Level 8.5(13.5) Ranged Weapons
 - Level 2.4(7.4) Dodging
 - Level 1.5(6.5) Stealth
 + Level 2.6 Invocations


You had 7 spell levels left.
You didn't know any spells.
Your spell library was empty.

Inventory:

Hand Weapons
 Y - a +0 shortbow of freezing (weapon)
Armour
 c - a +0 leather armour (worn)
Jewellery
 e - a +4 ring of protection (left hand)
Scrolls
 b - a scroll of identify
Potions
 a - a potion of degeneration {unknown}
 d - a potion of heal wounds {unknown}
 f - a potion of haste {unknown}
 g - a potion of magic {unknown}
 i - a potion of curing

Dungeon Overview and Level Annotations

Branches:
Dungeon (6/15)             Temple (1/1) D:5

Altars:
Ashenzari
Elyvilon
Hepliaklqana
Kikubaaqudgha
Okawaru
Qazlal
Ru
Trog
Uskayaw
Vehumet
Wu Jian
Yredelemnul
Zin

Shops:
D:2 !:   D:3 (

Annotations:
D:3 1 runed translucent door, qw's ghost, amateur GrHu
D:4 1 runed translucent door, Crazy Yiuf


Message History

You feel drained.
You shoot an arrow.
The arrow hits the wight but does no damage.
The wight is heavily damaged.
The wight closely misses you.
You shoot an arrow.
The arrow hits the wight but does no damage.
The wight is heavily damaged.
You shoot an arrow.
The arrow hits the wight but does no damage.
The wight is heavily damaged.
The wight closely misses you.
You shoot an arrow. The arrow hits the wight!
You destroy the wight!
Okawaru accepts your kill.
You shoot an arrow. The arrow closely misses the wight.
The wight hits you with a +4 hand axe.
You feel drained.
You shoot an arrow. The arrow hits the wight.
The wight is lightly damaged.
The wight closely misses you.
You shoot an arrow.
The arrow hits the wight but does no damage.
The wight is lightly damaged.
You shoot an arrow.
The arrow hits the wight but does no damage.
The wight is lightly damaged.
The wight hits you but does no damage.
You shoot an arrow. The arrow barely misses the wight.
The wight barely misses you.
You shoot an arrow. The arrow hits the wight.
The wight is moderately damaged.
The wight hits you with a +4 hand axe.
You feel drained.
You shoot an arrow. The arrow barely misses the wight.
The wight hits you but does no damage.
You shoot an arrow.
The arrow hits the wight but does no damage.
The wight is moderately damaged.
You shoot an arrow. The arrow closely misses the wight.
The wight hits you with a +4 hand axe.
You die...

.# ##.####
#.....#
#..#..#
#..#..+
#..##.#
#..##.##
####<.##).#
#.....@z#..#
#.......##z#
#.......#
..#
#.......#
..#
#.......#
#...
#.......#
....
#....>..#
...
#.......#


You could see a wight.

Vanquished Creatures
  A water moccasin (D:6)
  An ice beast (D:5)
  2 black bears
  2 ogres (D:5)
  A centaur (D:5)
  A phantom (D:5)
  A gnoll sergeant (D:5)
  A scorpion (D:6)
  3 wights (D:6)
  A hound (D:4)
  A sleepcap (D:4)
  Natasha (thrice) (D:3)
  Terence (D:3)
  6 adders
  8 gnolls
  A white imp (D:5)
  An ufetubus (D:3)
  A worm (D:2)
  2 dart slugs
  2 orcs
  2 bats
  4 endoplasms
  2 giant cockroaches
  5 goblins
  8 hobgoblins
  6 jackals (D:2)
  6 kobolds
  2 quokkas
  7 ball pythons
  3 frilled lizards
  4 rats
89 creatures vanquished.

Notes
Turn   | Place    | Note
-------+----------+-------------------------------------------
     0 | D:1      | qw the Naga Hunter began the quest for the Orb.
     0 | D:1      | Reached XP level 1. HP: 19/19 MP: 1/1
     0 | D:1      | 0 ||| qw: Version: 0.3-a-5-g6f28e65
     0 | D:1      | 0 ||| qw: Game counter: 470
     0 | D:1      | 0 ||| qw: Always use a shield: true
     0 | D:1      | 0 ||| qw: God list: Okawaru
     0 | D:1      | 0 ||| qw: Allow faded altars: false
     0 | D:1      | 0 ||| qw: Do Orc after D:15 true
     0 | D:1      | 0 ||| qw: Do second Lair branch before Depths: true
     0 | D:1      | 0 ||| qw: Lair rune preference: random
     0 | D:1      | 0 ||| qw: Plans: Normal
     0 | D:1      | 0 ||| PLANNING D:1-11
    48 | D:1      | 48 ||| INVOKING Spit Poison.
    63 | D:1      | 63 ||| INVOKING Spit Poison.
    89 | D:1      | 89 ||| INVOKING Spit Poison.
    92 | D:1      | 92 ||| INVOKING Spit Poison.
   131 | D:1      | 131 ||| INVOKING Spit Poison.
   134 | D:1      | 134 ||| INVOKING Spit Poison.
   254 | D:1      | 254 ||| INVOKING Spit Poison.
   256 | D:1      | Reached skill level 4 in Ranged Weapons
   256 | D:1      | Reached XP level 2. HP: 26/26 MP: 2/2
   296 | D:1      | 296 ||| INVOKING Spit Poison.
   329 | D:1      | 329 ||| INVOKING Spit Poison.
   340 | D:1      | 340 ||| INVOKING Spit Poison.
   418 | D:1      | 418 ||| INVOKING Spit Poison.
   471 | D:1      | 471 ||| INVOKING Spit Poison.
   538 | D:1      | 538 ||| INVOKING Spit Poison.
   678 | D:1      | 678 ||| UPGRADING to +4 ring of protection.
   679 | D:1      | 679 ||| DROPPING scroll of butterflies.
   712 | D:2      | 712 ||| INVOKING Spit Poison.
   745 | D:2      | 745 ||| INVOKING Spit Poison.
   749 | D:2      | 749 ||| INVOKING Spit Poison.
   766 | D:2      | 766 ||| INVOKING Spit Poison.
   771 | D:2      | Reached XP level 3. HP: 32/32 MP: 3/3
   776 | D:2      | 776 ||| INVOKING Spit Poison.
   782 | D:2      | 782 ||| INVOKING Spit Poison.
   856 | D:2      | 856 ||| INVOKING Spit Poison.
   873 | D:2      | 873 ||| INVOKING Spit Poison.
   982 | D:2      | 982 ||| INVOKING Spit Poison.
   987 | D:2      | 987 ||| INVOKING Spit Poison.
  1012 | D:2      | Found Qiming's Distillery.
  1018 | D:2      | 1018 ||| SHOPLISTING 2 potions of heal wounds (140 gold,
                  | have 22).
  1018 | D:2      | 1018 ||| SHOPLISTING potion of curing (42 gold, have 22).
  1018 | D:2      | 1018 ||| SHOPLISTING potion of might (56 gold, have 22).
  1018 | D:2      | 1018 ||| SHOPLISTING potion of mutation (112 gold, have
                  | 22).
  1059 | D:2      | 1059 ||| INVOKING Spit Poison.
  1087 | D:2      | 1087 ||| INVOKING Spit Poison.
  1090 | D:2      | 1090 ||| INVOKING Spit Poison.
  1178 | D:2      | Found Lore's Book Emporium.
  1214 | D:2      | 1214 ||| INVOKING Spit Poison.
  1215 | D:2      | Reached skill level 5 in Ranged Weapons
  1215 | D:2      | Reached XP level 4. HP: 39/39 MP: 4/4
  1219 | D:2      | 1219 ||| INVOKING Spit Poison.
  1347 | D:2      | 1347 ||| READING scroll labelled ANOLEA KIEST.
  1430 | D:3      | 1430 ||| INVOKING Spit Poison.
  1485 | D:3      | Found a white marble altar of Elyvilon.
  1501 | D:3      | 1501 ||| INVOKING Spit Poison.
  1514 | D:3      | Noticed Terence
  1515 | D:3      | 1515 ||| INVOKING Spit Poison.
  1520 | D:3      | 1520 ||| INVOKING Spit Poison.
  1524 | D:3      | 1524 ||| INVOKING Spit Poison.
  1529 | D:3      | 1529 ||| INVOKING Spit Poison.
  1531 | D:3      | HP: 8/39 [Terence/+0 falchion (4)]
  1532 | D:3      | Killed Terence
  1533 | D:3      | 1533 ||| INVOKING Spit Poison.
  1604 | D:3      | 1604 ||| INVOKING Spit Poison.
  1605 | D:3      | 1605 ||| INVOKING Spit Poison.
  1608 | D:3      | 1608 ||| INVOKING Spit Poison.
  1612 | D:3      | 1612 ||| INVOKING Spit Poison.
  1612 | D:3      | HP: 8/40 [ufetubus (4)]
  1617 | D:3      | Reached skill level 3 in Fighting
  1776 | D:3      | Found a runed translucent door.
  1785 | D:3      | Noticed qw's ghost (amateur GrHu)
  1798 | D:3      | 1798 ||| INVOKING Spit Poison.
  1898 | D:3      | Found Vubuad's Antique Weapon Boutique.
  1913 | D:3      | 1913 ||| INVOKING Spit Poison.
  1923 | D:3      | 1923 ||| INVOKING Spit Poison.
  1927 | D:3      | 1927 ||| INVOKING Spit Poison.
  2001 | D:3      | 2001 ||| INVOKING Spit Poison.
  2012 | D:3      | Noticed a black bear
  2015 | D:3      | 2015 ||| INVOKING Spit Poison.
  2018 | D:3      | 2018 ||| INVOKING Spit Poison.
  2018 | D:3      | Noticed Natasha
  2022 | D:3      | Killed a black bear
  2023 | D:3      | Reached XP level 5. HP: 37/49 MP: 5/5
  2024 | D:3      | 2024 ||| INVOKING Spit Poison.
  2030 | D:3      | 2030 ||| INVOKING Spit Poison.
  2035 | D:3      | HP: 9/49 [Natasha (6)]
  2036 | D:3      | 2036 ||| INVOKING Spit Poison.
  2037 | D:3      | HP: 4/49 [Natasha (3)]
  2039 | D:3      | Killed Natasha
  2040 | D:3      | Reached skill level 6 in Ranged Weapons
  2040 | D:3      | Reached XP level 6. HP: 2/56 MP: 6/6
  2235 | D:3      | Noticed Natasha
  2237 | D:3      | 2237 ||| INVOKING Spit Poison.
  2243 | D:3      | 2243 ||| INVOKING Spit Poison.
  2246 | D:3      | Killed Natasha
  2328 | D:3      | 2328 ||| INVOKING Spit Poison.
  2380 | D:3      | Noticed Natasha
  2383 | D:3      | 2383 ||| INVOKING Spit Poison.
  2386 | D:3      | Killed Natasha
  2442 | D:3      | 2442 ||| READING scroll labelled IHEZXU WICZA.
  2443 | D:3      | 2443 ||| READING scroll labelled CUVYBB EDDIUMN.
  2444 | D:3      | 2444 ||| READING scroll labelled YRUEN ZAHACERPH.
  2445 | D:3      | 2445 ||| DRINKING 2 yellow potions.
  2446 | D:3      | 2446 ||| DROPPING potion of attraction.
  2504 | D:4      | 2504 ||| INVOKING Spit Poison.
  2545 | D:4      | 2545 ||| INVOKING Spit Poison.
  2551 | D:4      | 2551 ||| INVOKING Spit Poison.
  2583 | D:4      | 2583 ||| INVOKING Spit Poison.
  2594 | D:4      | Noticed a black bear
  2603 | D:4      | 2603 ||| INVOKING Spit Poison.
  2609 | D:4      | 2609 ||| INVOKING Spit Poison.
  2610 | D:4      | Killed a black bear
  2611 | D:4      | Reached XP level 7. HP: 60/64 MP: 7/7
  2730 | D:4      | 2730 ||| INVOKING Spit Poison.
  2752 | D:4      | 2752 ||| INVOKING Spit Poison.
  2756 | D:4      | 2756 ||| INVOKING Spit Poison.
  2759 | D:4      | 2759 ||| INVOKING Spit Poison.
  2760 | D:4      | 2760 ||| INVOKING Spit Poison.
  2869 | D:4      | 2869 ||| INVOKING Spit Poison.
  2888 | D:4      | Found a runed translucent door.
  2889 | D:4      | Noticed Crazy Yiuf
  2928 | D:4      | 2928 ||| INVOKING Spit Poison.
  3164 | D:4      | 3164 ||| DROPPING scarf of shadows.
  3165 | D:4      | 3165 ||| READING scroll labelled NOCZAKE MEKYKH.
  3288 | D:5      | Entered Level 5 of the Dungeon
  3318 | D:5      | 3318 ||| INVOKING Spit Poison.
  3321 | D:5      | 3321 ||| INVOKING Spit Poison.
  3322 | D:5      | Reached skill level 7 in Ranged Weapons
  3381 | D:5      | 3381 ||| INVOKING Spit Poison.
  3387 | D:5      | 3387 ||| INVOKING Spit Poison.
  3407 | D:5      | 3407 ||| INVOKING Spit Poison.
  3434 | D:5      | Found a staircase to the Ecumenical Temple.
  3435 | D:5      | 3435 ||| PLANNING TEMPLE
  3443 | Temple   | Entered the Ecumenical Temple
  3462 | Temple   | 3462 ||| PLANNING OKAWARU WORSHIP
  3627 | Temple   | Became a worshipper of Warmaster Okawaru
  3628 | Temple   | 3628 ||| PLANNING D:1-11
  3728 | D:5      | 3728 ||| INVOKING Spit Poison.
  3736 | D:5      | 3736 ||| INVOKING Spit Poison.
  3807 | D:5      | 3807 ||| INVOKING Spit Poison.
  4020 | D:5      | 4020 ||| INVOKING Spit Poison.
  4022 | D:5      | 4022 ||| Stepping ~*~*~tactically~*~*~ (outnumbered).
  4025 | D:5      | 4025 ||| INVOKING Spit Poison.
  4031 | D:5      | 4031 ||| INVOKING Spit Poison.
  4058 | D:5      | 4058 ||| INVOKING Spit Poison.
  4064 | D:5      | 4064 ||| Stepping ~*~*~tactically~*~*~ (outnumbered).
  4065 | D:5      | 4065 ||| INVOKING Spit Poison.
  4070 | D:5      | 4070 ||| INVOKING Spit Poison.
  4076 | D:5      | 4076 ||| INVOKING Spit Poison.
  4141 | D:5      | 4141 ||| INVOKING Spit Poison.
  4145 | D:5      | 4145 ||| INVOKING Spit Poison.
  4149 | D:5      | 4149 ||| INVOKING Spit Poison.
  4150 | D:5      | Reached skill level 8 in Ranged Weapons
  4150 | D:5      | Reached XP level 8. HP: 37/72 MP: 8/8
  4374 | D:5      | 4374 ||| INVOKING Spit Poison.
  4378 | D:5      | 4378 ||| INVOKING Spit Poison.
  4381 | D:5      | 4381 ||| INVOKING Spit Poison.
  4929 | D:6      | 4929 ||| INVOKING Spit Poison.
  4931 | D:6      | Reached * piety under Okawaru
  4942 | D:6      | Reached skill level 1 in Invocations
  4964 | D:6      | 4964 ||| Stepping ~*~*~tactically~*~*~ (outnumbered).
  4974 | D:6      | 4974 ||| INVOKING Heroism.
  4980 | D:6      | 4980 ||| FLEEEEING.
  4989 | D:6      | 4989 ||| INVOKING Heroism.
  4989 | D:6      | HP: 9/72 [wight/+3 great sword (14)]
  4994 | D:6      | HP: 1/72 [wight/+4 hand axe (5)]
  4999 | D:6      | HP: 2/70 [wight/+4 hand axe (1)]
  5002 | D:6      | Slain by a wight

Levels and vault maps discovered:
D:1:      dpeg_arrival_line_fractal, layout_loops_ring
D:2:      minmay_skewed_foursquare, layout_loops_ring, serial_shops,
          nicolae_shop_rolling_square, nicolae_shop_stone
D:3:      layout_basic, nicolae_elyvilon_peaceful_grove, ebering_ghost_sewer_d,
          serial_shops, shop, hex_intersection, uniq_terence, uniq_natasha
D:4:      layout_basic, serial_forest, infiniplex_forest_lined_corner,
          infiniplex_forest_zigzag_1, infiniplex_forest_end_3,
          infiniplex_forest_clump_cross, infiniplex_forest_clump_tiny,
          uniq_crazy_yiuf_cottage
D:5:      layout_basic, lemuel_temple_firewalk_a
D:6:      layout_rooms, led_sif_book, guppyfry_shop_venom
Temple:   nicolae_temple_bog_church

Skill      XL: |  1  2  3  4  5  6  7  8 |
---------------+-------------------------+-----
Ranged Weapons | 4 5 6 8 |  8.5
Fighting       | 3 4 5 |  5.0
Dodging        | 2 |  2.4
Invocations    | 2 |  2.6
Stealth        | |  1.5

Action                     |  1- 3 |  4- 6 |  7- 9 || total
---------------------------+-------+-------+-------++-------
   Fire: Shortbow          |    62 |   105 |   160 ||   327
 Invoke: Heroism           |       |       |     2 ||     2
Ability: Spit Poison       |    27 |    31 |    28 ||    86
    Use: Scroll            |       |     4 |     1 ||     5
         Potion            |       |     1 |       ||     1
 Armour: Leather armour    |     8 |    45 |    29 ||    82
  Dodge: Dodged            |    10 |    58 |    51 ||   119

Table legend:
 A = Non-vault XP
 B = Vault XP
 C = Vault XP percentage of total XP
 D = Non-vault monster count
 E = Vault monster count
 F = Vault count percentage of total count
                 A         B        C        D         E       F
            +---------+---------+-------+---------+---------+-------
      Total |    1829 |      88 |   4.6 |      85 |       4 |   4.5
            +---------+---------+-------+---------+---------+-------
        D:1 |      24 |       0 |   0.0 |      15 |       0 |   0.0
        D:2 |      47 |      16 |  25.4 |      19 |       2 |   9.5
        D:3 |     236 |      72 |  23.4 |      15 |       2 |  11.8
        D:4 |     280 |       0 |   0.0 |      14 |       0 |   0.0
        D:5 |     788 |       0 |   0.0 |      17 |       0 |   0.0
        D:6 |     454 |       0 |   0.0 |       5 |       0 |   0.0
            +---------+---------+-------+---------+---------+-------
